 Dungeon Crawl Stone Soup version 0.29.1-15-g9cfb28693d (webtiles) character file.

Game seed: 8595243889315475455

1024 cowcol the Chopper (level 8, 0/66 (68) HPs)
             Began as a Minotaur Fighter on Mar 21, 2023.
             Was an Initiate of Okawaru.
             Slain by an ice beast (13 damage)
             ... on level 5 of the Dungeon.
             The game lasted 00:13:21 (7330 turns).

cowcol the Chopper (Minotaur Fighter)               Turns: 7330, Time: 00:13:23

HP:   0/66 (68)     AC: 13    Str: 28    XL:     8   Next: 2%
MP:   7/7           EV:  9    Int:  5    God:    Okawaru [......]
Gold: 169           SH:  4    Dex: 11    Spells: 7/7 levels left

rFire   . . .      SeeInvis .   a - +0 war axe
rCold   . . .      Faith    .   c - +0 buckler
rNeg    . . .      Spirit   .   b - +0 scale mail
rPois   .          Reflect  .   (helmet restricted)
rElec   .          Harm     .   B - scarf {+Inv}
rCorr   .          Rampage  .   w - +0 pair of gloves
Will    .....                   (no boots)
Stlth   ..........              (no amulet)
HPRegen 0.21/turn               h - +6 ring of strength
MPRegen 0.10/turn               l - +4 ring of protection

@: studying Ranged Weapons, lightly drained
A: horns 2, retaliatory headbutt
a: Renounce Religion, Evoke Invisibility


You were on level 5 of the Dungeon.
You worshipped Okawaru.
Okawaru was noncommittal.
You visited 2 branches of the dungeon, and saw 7 of its levels.

You collected 169 gold pieces.

Inventory:

Hand Weapons
 a - a +0 war axe (weapon)
Missiles
 e - a throwing net
 f - 43 stones
 n - 10 poisoned darts
 u - 4 boomerangs (quivered)
Armour
 b - a +0 scale mail (worn)
 c - a +0 buckler (worn)
 i - a +0 cloak
 s - the +5 plate armour of the Healing Gods {rC+ Stlth+}
   (You found it on level 3 of the Dungeon)

   rC:        It protects you from cold.
   Stlth:     It makes you more stealthy.
 w - a +0 pair of gloves (worn)
 y - a scarf of harm
 B - a scarf of invisibility (worn)
Jewellery
 h - a +6 ring of strength (left hand)
 l - a +4 ring of protection (right hand)
 r - a +4 ring of evasion
 x - a ring of ice
 C - a ring of poison resistance
Wands
 z - a wand of roots (7)
 A - a wand of digging (6)
Scrolls
 g - 2 scrolls of fog
 k - a scroll of enchant weapon
 m - 2 scrolls of magic mapping
 o - 2 scrolls of teleportation
 p - 5 scrolls of immolation
 D - a scroll of fear {unknown}
Potions
 d - 2 potions of might
 j - a potion of lignification {unknown}
 q - 2 potions of ambrosia {unknown}
 t - a potion of heal wounds
 v - a potion of brilliance
 E - a potion of mutation {unknown}


   Skills:
 + Level 5.3 Fighting
 + Level 7.7 Axes
 - Level 2.0 Throwing
 * Level 7.6 Armour
 - Level 4.0 Shields


You had 7 spell levels left.
You didn't know any spells.
Your spell library contained the following spells:

 Spells                   Type           Power      Damage    Failure   Level
 Frozen Ramparts          Ice            0%         1d1       99%         3
 Ozocubu's Armour         Ice            0%         N/A       99%         3
 Ice Form                 Ice/Tmut       0%         N/A       100%        4
 Metabolic Englaciation   Hex/Ice        0%         N/A       100%        5
 Summon Ice Beast         Ice/Summ       Unusable   N/A       N/A         4
 Simulacrum               Ice/Necr       Unusable   N/A       N/A         6

Dungeon Overview and Level Annotations

Branches:
Dungeon (6/15)             Temple (1/1) D:5

Altars:
Ashenzari
Fedhas
Gozag
Hepliaklqana
Makhleb
Nemelex Xobeh
Okawaru
Qazlal
Ru
Sif Muna
Uskayaw
Vehumet
Wu Jian
Xom
Yredelemnul
Zin
The Shining One

Annotations:
D:6 Blork the orc


Innate Abilities, Weirdness & Mutations

You have a pair of horns on your head.
You reflexively headbutt those who attack you in melee.


Message History

The sky beast flickers out of sight!
Deactivating autopickup; reactivate with Ctrl-A.
Something hits you but does no damage. The orc wizard casts a spell at you.
You resist with some effort. You block the orc's attack.
You climb upwards.
Reactivating autopickup.
There is a stone staircase leading down here.
You closely miss the orc. You headbutt the orc!
You kill the orc!
Okawaru accepts your kill.
You closely miss the orc wizard. You barely miss something.
You closely miss the ice beast. The orc wizard casts a spell at you.
The puff of flame hits you. Something hits you but does no damage.
Deactivating autopickup; reactivate with Ctrl-A.
The ice beast hits you but does no damage.
The orc wizard hits you but does no damage.
The ice beast hits you. The ice beast freezes you!
Things that are here:
a +0 club; a +0 scale mail; a +0 flail The orc wizard attacks as you move away!
The orc wizard barely misses you.
You hit the orc wizard.
The orc wizard is heavily wounded.
You barely miss the ice beast. You hit something but do no damage.
The orc wizard barely misses you. Something hits you but does no damage.
The ice beast hits you but does no damage.
The orc wizard hits you but does no damage.
Something hits you. Something shocks you.
* * * LOW HITPOINT WARNING * * *
The ice beast hits you but does no damage.
You completely miss the ice beast. You headbutt the ice beast!
The ice beast is moderately wounded.
You barely miss the orc wizard. You hit something.
The orc wizard hits you but does no damage.
Something hits you but does no damage. The ice beast hits you.
* * * LOW HITPOINT WARNING * * *
The ice beast freezes you!
You die...

#..........## ##..............
#...##.....## ##...............
#..######...#####................
...# #........................
..### #........................
....#####..#####.................
..........## #.................
#.........# ##.Y...............
#.........# #.@o>..............
##........# ##..................
#........## #...................
##........###...................
#..............................
##.............................
###.......###....................
........### #....................
...##...# ##....................


You could see an ice beast and an orc wizard.

Vanquished Creatures
  A black bear (D:4)
  An ogre (D:6)
  A centaur (D:5)
  3 scorpions
  4 killer bees (D:4)
  A howler monkey (D:5)
  An orc priest (D:5)
  A hound (D:4)
  3 iguanas
  Natasha (thrice) (D:4)
  A gnoll (D:1)
  5 adders
  A shadow imp (D:4)
  3 worms
  A dart slug (D:2)
  4 orcs
  7 ball pythons
  4 bats
  3 endoplasms
  7 giant cockroaches
  8 goblins
  11 hobgoblins
  4 jackals
  9 kobolds
  3 quokkas
  7 frilled lizards
  7 rats
104 creatures vanquished.

Vanquished Creatures (others)
  4 plants (D:2)
  10 withered plants (D:2)
14 creatures vanquished.

Grand Total: 118 creatures vanquished

Notes
Turn   | Place    | Note
-------+----------+-------------------------------------------
     0 | D:1      | cowcol the Minotaur Fighter began the quest for the Orb.
     0 | D:1      | Reached XP level 1. HP: 19/19 MP: 0/0
    89 | D:1      | Reached XP level 2. HP: 23/27 MP: 1/1
  1233 | D:1      | Reached XP level 3. HP: 28/33 MP: 2/2
  1872 | D:2      | Found a faded altar of an unknown god.
  2027 | D:2      | Reached XP level 4. HP: 40/40 MP: 3/3
  2881 | D:3      | Identified the +5 plate armour of the Healing Gods {rC+
                  | Stlth+}
  3421 | D:4      | Noticed a black bear
  3425 | D:4      | Killed a black bear
  3426 | D:4      | Reached skill level 5 in Axes
  3426 | D:4      | Reached XP level 5. HP: 47/47 MP: 4/4
  3461 | D:4      | Reached skill level 5 in Armour
  3463 | D:4      | Reached XP level 6. HP: 40/53 MP: 5/5
  4134 | D:4      | Reached XP level 7. HP: 53/60 MP: 6/6
  4780 | D:4      | Noticed Natasha
  4786 | D:4      | Killed Natasha
  4787 | D:4      | Reached skill level 5 in Fighting
  5027 | D:4      | Noticed Natasha
  5040 | D:4      | Killed Natasha
  5047 | D:4      | Noticed Natasha
  5068 | D:4      | Killed Natasha
  5257 | D:4      | Reached skill level 1 in Throwing
  5343 | D:5      | Entered Level 5 of the Dungeon
  5363 | D:5      | Found a staircase to the Ecumenical Temple.
  5606 | Temple   | Entered the Ecumenical Temple
  5732 | Temple   | Became a worshipper of Warmaster Okawaru
  7319 | D:6      | Noticed Blork the orc
  7324 | D:6      | Reached XP level 8. HP: 37/66 MP: 7/7
  7330 | D:5      | Slain by an ice beast

Illustrated notes

Levels and vault maps discovered:
D:1:      psy_arrival_wood_between_worlds, layout_loops_ring
D:2:      layout_basic, shapermc_ecumenical_altar_flowoftime,
          chequers_serial_rivers_micro_e
D:3:      layout_basic
D:4:      layout_basic, uniq_natasha
D:5:      layout_layer_cave, minmay_temple_entry_proselytizer, dk_vineyard_1
D:6:      layout_rooms, minmay_misc_feat_room, uniq_blork_the_orc
Temple:   minmay_crystal_spiral_temple

Skill      XL: |  1  2  3  4  5  6  7 |
---------------+----------------------+-----
Fighting       | 4 5 |  5.3
Armour         | 4 5 6 7 |  7.6
Shields        | 4 |  4.0
Axes           | 3 5 6 7 |  7.7
Throwing       | 2 |  2.0

Action                   |  1- 3 |  4- 6 |  7- 9 || total
-------------------------+-------+-------+-------++-------
Melee: War axe           |    66 |   112 |    82 ||   260
       Headbutt          |     6 |    18 |    17 ||    41
Throw: Stone             |     6 |     1 |       ||     7
       Boomerang         |       |     7 |    32 ||    39
  Use: Scroll            |     2 |       |     4 ||     6
       Potion            |       |     5 |     2 ||     7
Armor: Scale mail        |    40 |    51 |    51 ||   142
Dodge: Dodged            |    23 |    45 |    43 ||   111
Block: Buckler           |    22 |    16 |    20 ||    58
